 Dungeon Crawl Stone Soup version 0.25-a0-194-gece12570e2 (webtiles) character file.

Game seed: 6336821493226512759, levelgen mode: deterministic

1757120 dxctxrx the Slayer (level 27, 240/240 HPs)
             Began as a Barachi Fighter on Nov 29, 2019.
             Was the Champion of Okawaru.
             Escaped with the Orb
             ... and 3 runes on Nov 30, 2019!
             The game lasted 03:39:15 (60807 turns).

dxctxrx the Slayer (Barachi Fighter)               Turns: 60807, Time: 03:39:16

Health: 240/240    AC: 40    Str: 29    XL:     27
Magic:  35/35      EV: 25    Int: 11    God:    Okawaru [******]
Gold:   3315       SH: 26    Dex: 20    Spells: 26/26 levels left

rFire    + + +     SeeInvis .   b - +8 broad axe (vamp)
rCold    + + +     Gourm    .   g - +1 large shield {reflect}
rNeg     + . .     Faith    .   q - +10 gold dragon scales
rPois    +         Spirit   .   t - -2 hat of the Alchemist {rElec rPois rF+ rC+ rN+ MR+ rMut rCorr}
rElec    +         Reflect  +   p - scarf {rC+ rF+}
rCorr    +         Harm     .   v - +3 pair of gauntlets of War {Slay+5}
rMut     +                      X - +2 pair of boots {run}
MR       ++++.                  o - amulet of Vuosiac {Regen+ Int+2 Dex+3}
Stlth    ..........             m - ring of the Philosopher {EV+5 Dex+4}
HPRegen  0.90/turn              Y - ring of protection from magic
MPRegen  0.24/turn

@: studying Dodging
A: +LOS, swims, beak, high mp 1, slowness 1, strong legs 2
0: Orb of Zot
}: 3/15 runes: decaying, silver, gossamer
a: Hop, Heroism, Finesse, Renounce Religion


You escaped.
You worshipped Okawaru.
Okawaru was exalted by your worship.
You were not hungry.

You visited 10 branches of the dungeon, and saw 50 of its levels.

You collected 6512 gold pieces.
You spent 3197 gold pieces at shops.

Inventory:

Hand Weapons
 a - a +9 broad axe of freezing
 b - a +8 vampiric broad axe (weapon)
 r - a +0 flail of crushing
Missiles
 d - 9 curare-tipped darts {=f}
 k - 3 throwing nets {=f}
 s - 12 javelins
 y - 34 boomerangs (quivered)
Armour
 g - a +1 large shield of reflection (worn)
 p - a scarf of resistance (worn)
 q - +10 gold dragon scales (worn)
 t - the -2 hat of the Alchemist (worn) {rElec rPois rF+ rC+ rN+ MR+ rMut rCorr}
   (You found it on level 5 of the Vaults)

   It protects you from fire.
   It protects you from cold.
   It insulates you from electricity.
   It protects you from poison.
   It protects you from negative energy.
   It affects your resistance to hostile enchantments.
   It provides partial protection from all sources of acid and corrosion.
   It protects you from mutation.
 v - the +3 pair of gauntlets of War (worn) {Slay+5}
   (Okawaru gifted it to you on level 2 of the Vaults)

   It affects your accuracy and damage with ranged weapons and melee attacks
   (+5).
 X - a +2 pair of boots of running (worn)
Jewellery
 m - the ring of the Philosopher (left hand) {EV+5 Dex+4}
   (You acquired it on level 3 of the Elven Halls)

   [ring of evasion]

   It affects your evasion (+5).
   It affects your dexterity (+4).
 o - the amulet of Vuosiac (around neck) {Regen+ Int+2 Dex+3}
   (You found it on level 6 of the Lair of Beasts)

   [amulet of regeneration]

   It affects your intelligence (+2).
   It affects your dexterity (+3).
   It increases your rate of regeneration.
 u - the ring "Tanuehue" {rElec Str+3 Int-5 Dex+3 SInv}
   (You took it off a vampire knight on level 2 of the Depths)

   [ring of see invisible]

   It affects your strength (+3).
   It affects your intelligence (-5).
   It affects your dexterity (+3).
   It insulates you from electricity.
   It lets you see invisible.
 Y - a ring of protection from magic (right hand)
Wands
 h - a wand of disintegration (34)
 A - a wand of acid (16)
 D - a wand of digging (21)
 E - a wand of enslavement (11)
 I - a wand of iceblast (40)
 O - a wand of clouds (23)
 P - a wand of paralysis (27)
 S - a wand of scattershot (11)
Scrolls
 j - 5 scrolls of fear
 l - 3 scrolls of summoning
 x - 3 scrolls of fog
 C - 17 scrolls of remove curse
 K - 2 scrolls of blinking
 N - 2 scrolls of magic mapping
 T - 21 scrolls of teleportation
 Z - 6 scrolls of immolation {!r}
Potions
 c - 3 potions of ambrosia
 e - 3 potions of invisibility
 i - 12 potions of lignification {!q}
 n - a potion of cancellation
 w - a potion of berserk rage
 z - 2 potions of magic
 H - 3 potions of haste
 M - 3 potions of might
 Q - 9 potions of curing
 R - 4 potions of resistance
 U - 3 potions of mutation {!q}
 W - a potion of heal wounds
Books
 J - a manual of Dodging {!d}
Miscellaneous
 F - a phial of floods
 L - a lamp of fire
 V - 2 phantom mirrors
Comestibles
 f - 51 rations


   Skills:
 + Level 24.7 Fighting
 - Level 18.4(19.0) Axes
 - Level 8.9(14.7) Maces & Flails
 + Level 21.9 Armour
 + Level 22.2 Dodging
 + Level 21.0 Shields
 - Level 12.0 Invocations
 - Level 10.0 Evocations


You had 26 spell levels left.
You didn't know any spells.
Your spell library contained the following spells:

 Spells                   Type           Power        Failure   Level  Hunger
 Animate Skeleton         Necr           N/A          99%         1    ##.....
 Apportation              Tloc           #.....       99%         1    ##.....
 Beastly Appendage        Tmut           #.....       99%         1    ##.....
 Confusing Touch          Hex            #.....       99%         1    ##.....
 Corona                   Hex            #......      99%         1    ##.....
 Flame Tongue             Conj/Fire      #....        99%         1    ##.....
 Freeze                   Ice            #...         99%         1    ##.....
 Infusion                 Chrm           #...         99%         1    ##.....
 Magic Dart               Conj           #...         99%         1    ##.....
 Shock                    Conj/Air       #...         99%         1    ##.....
 Sting                    Conj/Pois      #...         99%         1    ##.....
 Summon Butterflies       Summ           #.......     99%         1    ##.....
 Summon Small Mammal      Summ           #...         99%         1    ##.....
 Blink                    Tloc           N/A          100%        2    ###....
 Call Imp                 Summ           #.......     100%        2    ###....
 Ensorcelled Hibernation  Hex/Ice        #.....       100%        2    ###....
 Passwall                 Tmut/Erth      #.......     100%        2    ###....
 Searing Ray              Conj           #.....       100%        2    ###....
 Shroud of Golubria       Chrm/Tloc      #.....       100%        2    ###....
 Slow                     Hex            #.......     100%        2    ###....
 Song of Slaying          Chrm           #.......     100%        2    ###....
 Sticks to Snakes         Tmut           #.......     100%        2    ###....
 Swiftness                Chrm/Air       #.......     100%        2    ###....
 Throw Frost              Conj/Ice       #.....       100%        2    ###....
 Call Canine Familiar     Summ           #.......     100%        3    ####...
 Confuse                  Hex            #.......     100%        3    ####...
 Conjure Flame            Conj/Fire      #.......     100%        3    ####...
 Dazzling Spray           Conj/Hex       #.....       100%        3    ####...
 Gell's Gravitas          Tloc           #.........   100%        3    ####...
 Ignite Poison            Fire/Tmut/Pois #.......     100%        3    ####...
 Lesser Beckoning         Tloc           #.........   100%        3    ####...
 Mephitic Cloud           Conj/Pois/Air  #.......     100%        3    ####...
 Ozocubu's Armour         Chrm/Ice       #.......     100%        3    ####...
 Portal Projectile        Hex/Tloc       #.....       100%        3    ####...
 Recall                   Summ/Tloc      N/A          100%        3    ####...
 Regeneration             Chrm/Necr      #.........   100%        3    ####...
 Spectral Weapon          Hex/Chrm       #.......     100%        3    ####...
 Spider Form              Tmut/Pois      #.........   100%        3    ####...
 Static Discharge         Conj/Air       #.......     100%        3    ####...
 Summon Guardian Golem    Hex/Summ       #.......     100%        3    ####...
 Teleport Other           Tloc           #.......     100%        3    ####...
 Tukima's Dance           Hex            #.......     100%        3    ####...
 Airstrike                Air            #.........   100%        4    #####..
 Cause Fear               Hex            #.........   100%        4    #####..
 Force Lance              Conj/Tloc      #.......     100%        4    #####..
 Fulminant Prism          Conj/Hex       #.........   100%        4    #####..
 Ice Form                 Ice/Tmut       #.......     100%        4    #####..
 Iskenderun's Mystic Bla  Conj           #.......     100%        4    #####..
 Petrify                  Tmut/Erth      #.......     100%        4    #####..
 Summon Ice Beast         Ice/Summ       #.......     100%        4    #####..
 Summon Lightning Spire   Summ/Air       #.......     100%        4    #####..
 Throw Icicle             Conj/Ice       #.......     100%        4    #####..
 Alistair's Intoxication  Tmut/Pois      #.......     100%        5    ######.
 Aura of Abjuration       Summ           #.........   100%        5    ######.
 Blade Hands              Tmut           #.........   100%        5    ######.
 Bolt of Magma            Conj/Fire/Erth #.........   100%        5    ######.
 Fireball                 Conj/Fire      #.........   100%        5    ######.
 Irradiate                Conj/Tmut      #.........   100%        5    ######.
 Iskenderun's Battlesphe  Conj/Chrm      #.......     100%        5    ######.
 Lightning Bolt           Conj/Air       #.........   100%        5    ######.
 Summon Demon             Summ           #.........   100%        5    ######.
 Summon Forest            Summ/Tloc      #.........   100%        5    ######.
 Summon Mana Viper        Hex/Summ       #.......     100%        5    ######.
 Venom Bolt               Conj/Pois      #.........   100%        5    ######.
 Yara's Violent Unravell  Hex/Tmut       #.........   100%        5    ######.
 Bolt of Cold             Conj/Ice       #.........   100%        6    #######
 Bolt of Fire             Conj/Fire      #.........   100%        6    #######
 Dispersal                Tloc           #.........   100%        6    #######
 Hydra Form               Tmut           #.........   100%        6    #######
 Invisibility             Hex            #.......     100%        6    #######
 Iron Shot                Conj/Erth      #.........   100%        6    #######
 Poison Arrow             Conj/Pois      #.........   100%        6    #######
 Shadow Creatures         Summ           N/A          100%        6    #######
 Simulacrum               Ice/Necr       #.........   100%        6    #######
 Dragon Form              Tmut           #.........   100%        7    #######
 Orb of Destruction       Conj           #.........   100%        7    #######
 Ring of Flames           Chrm/Fire      #.........   100%        7    #######
 Spellforged Servitor     Conj/Summ      #.........   100%        7    #######
 Summon Hydra             Summ           #.........   100%        7    #######
 Chain Lightning          Conj/Air       #.........   100%        8    #######
 Controlled Blink         Tloc           N/A          100%        8    #######
 Disjunction              Tloc           #.........   100%        8    #######
 Ignition                 Fire           #.........   100%        8    #######
 Lehudib's Crystal Spear  Conj/Erth      #.........   100%        8    #######
 Dragon's Call            Summ           #.........   100%        9    #######
 Fire Storm               Conj/Fire      #.........   100%        9    #######
 Glaciate                 Conj/Ice       #.........   100%        9    #######
 Shatter                  Erth           #.........   100%        9    #######
 Tornado                  Air            #.........   100%        9    #######
 Passage of Golubria      Tloc           Unusable     N/A         4    N/A

Dungeon Overview and Level Annotations

Branches:
Dungeon (15/15)            Temple (1/1) D:5            Lair (6/6) D:9
  Swamp (4/4) Lair:3       Spider (4/4) Lair:3        Slime (0/5) Lair:6
    Orc (2/2) D:9             Elf (3/3) Orc:2        Vaults (5/5) D:13
  Crypt (0/3) Vaults:2     Depths (5/5) D:15            Zot (5/5) Depths:5

Altars:
Ashenzari
Cheibriados
Dithmenos
Elyvilon
Fedhas
Gozag
Hepliaklqana
Kikubaaqudgha
Makhleb
Nemelex Xobeh
Okawaru
Qazlal
Ru
Sif Muna
Trog
Uskayaw
Vehumet
Wu Jian
Xom
Yredelemnul
Zin
The Shining One
Beogh

Shops:
D:6 }   D:8 =   Orc:2 (:[*   Vaults:2 (   Vaults:4 =   Depths:1 [   Depths:3 *
Depths:5 ?

Portals:
Hell: Depths:1 Depths:2 Depths:3 Depths:4 Depths:5
Abyss: Depths:2 Depths:4
Pandemonium: Depths:3 Depths:5
Ziggurat: Depths:3
Trove: Depths:5 (give +6 demon trident)

Annotations:
Lair:4 exclusion: oklob plant
Lair:6 exclusion: oklob plant
Swamp:3 2 transporters
Elf:2 3 runed translucent doors
Depths:3 1 transporter
Depths:4 2 runed translucent doors, Hefreox's ghost, veteran MfSk


Innate Abilities, Weirdness & Mutations

Shadows flee at your approach. (+LOS)
You can swim through water.
You cover ground slowly.
You can hop long distances.
You have a beak for a mouth.
You have an increased reservoir of magic. (+10% MP)


Message History

There is a stone staircase leading up here.
You climb upwards.
There is a stone staircase leading down here.
You see here a robe.
You see here a ring mail.
There is a stone staircase leading up here.
You climb upwards.
There is a stone staircase leading down here.
There is a staircase leading out of the dungeon here.
Really quaff
U - 4 potions of mutation {!q}?
Really quaff the potion of mutation?
Really drink that potion of mutation while resistant to mutation?
You feel extremely strange.
You feel healthier.
You feel clever.
You feel a little more calm.
Your mouth lengthens and hardens into a beak!
You feel more energetic.
Okay, then.
You start resting.
Magic restored.
You have escaped!

.................###############.
.#######....#..................#.
.# #....##...###############. .#
#.....##..##..# #######.#. .###
#.....##..##..###.......'# ...#
#...##..##..##.)..#######. ...#
#...##..##..####### ## ...#
#.....##..##..# ### ..>#
#.....##.@##..# #.. ...#
######..##..###### #.. ...#
###..##..##...##### #.. ...#
#..##..##..##.....###.. ...##
#.)##..##..######...... ....#
#.......#### #####.. ..#.###
##......# #.. #.....#
###.##.###### #..
####..#######..##......# #..


There were no monsters in sight!

Vanquished Creatures
  5 orbs of fire
  7 ancient liches (Zot:5)
  Mara (Swamp:4)
  Xtahua (Depths:4)
  5 Killer Klowns (Zot:5)
  A pandemonium lord (D:14)
  A curse toe (Zot:5)
  4 golden dragons
  2 electric golems (Zot:5)
  A Brimstone Fiend (Depths:5)
  A lich (Depths:2)
  An Ice Fiend (Depths:5)
  4 tentacled monstrosities
  25 Orb Guardians (Zot:5)
  3 titans (Vaults:5)
  2 deep elf blademasters (Elf:3)
  3 quicksilver dragons
  A deep elf master archer (Elf:2)
  2 death cobs
  5 sphinxes
  2 thorn hunters
  Donald (Lair:3)
  6 storm dragons
  7 shadow dragons
  4 draconian monks
  6 tengu reavers
  7 frost giants
  13 fire giants
  11 deep elf sorcerers
  2 orc warlords
  8 vault wardens
  5 ghost moths
  A draconian scorcher (Zot:5)
  2 cacodemons
  5 balrugs
  5 emperor scorpions (Spider:4)
  3 draconian shifters
  6 deep elf elementalists (Elf:3)
  A reaper (Zot:5)
  3 entropy weavers
  6 vampire knights
  A draconian annihilator (Zot:1)
  6 war gargoyles
  12 ironheart preservers
  22 stone giants
  14 very ugly things
  2 black draconians
  16 deep elf demonologists
  3 red draconians
  12 deep elf annihilators
  A spark wasp (shapeshifter) (D:15)
  4 purple draconians
  4 yellow draconians
  5 spark wasps
  2 white draconians
  5 blizzard demons (Depths:5)
  2 green deaths (Swamp:4)
  8 deep elf high priests
  The ghost of grouchysmurf the Grappler, a journeyman TrMo of Ru (D:11)
  2 death oozes (Swamp:4)
  8 fire dragons
  7 ettins
  10 deep elf death magi
  7 ogre magi
  8 jiangshi
  4 rakshasas
  19 yaktaur captains
  Fannar (D:12)
  19 hydras
  12 ice dragons
  Harold (D:11)
  18 great orbs of eyes
  30 vault guards
  A spriggan air mage (Depths:4)
  5 ghost crabs
  A hell beast (Swamp:4)
  2 shambling mangroves
  3 deep troll shamans
  9 centaur warriors
  15 dancing weapons
  5 death yaks (Lair:6)
  19 two-headed ogres
  4 orc high priests
  4 vampire magi
  10 alligators
  3 tengu warriors
  A thrashing horror (Swamp:4)
  3 deep troll earth magi
  Urug (Lair:6)
  15 spriggans
  3 spriggan berserkers
  Nergalle (Lair:2)
  13 deep elf knights
  7 skeletal warriors
  3 sixfirhies
  An iron troll (Depths:5)
  2 shadow wraiths
  2 infernal demonspawn (Zot:5)
  4 spriggan druids
  A cherub (Zot:5)
  2 glowing orange brains
  15 deep trolls
  11 swamp dragons
  An unseen horror (D:14)
  A shadow demon (D:13)
  An obsidian statue (Vaults:4)
  10 phantasmal warriors
  3 wizards
  9 ironbrand convokers
  13 deep elf archers
  A gelid demonspawn (Depths:5)
  3 orb spiders (shapeshifter)
  The ghost of FluBird the Cleaver, a novice DDFi of Makhleb (D:9)
  6 necromancers
  7 wolf spider zombies (Spider:2)
  15 orb spiders
  8 harpies (Vaults:2)
  25 orc knights
  27 wolf spiders
  9 orc sorcerers
  2 cyclopes
  34 ugly things
  46 deep elf magi
  A fire giant skeleton (Depths:1)
  A salamander (Depths:5)
  A stone giant zombie (Depths:1)
  3 elephants (Lair:5)
  11 moths of wrath
  A manticore (D:14)
  A guardian serpent (shapeshifter) (D:15)
  21 vault sentinels
  A human skeleton (Vaults:2)
  An iron dragon skeleton (Vaults:5)
  3 torpor snails
  5 apocalypse crabs (Swamp:1)
  4 black mambas
  A black mamba (shapeshifter) (D:15)
  A torpor snail (shapeshifter) (Vaults:5)
  7 centaur skeletons
  2 hellions
  A gargoyle (D:13)
  4 orange demons
  A spiny frog (shapeshifter) (Depths:2)
  2 kobold demonologists (D:9)
  A komodo dragon (shapeshifter) (Depths:2)
  8 komodo dragons
  34 spiny frogs
  9 redback zombies (Spider:2)
  A rime drake (shapeshifter) (Vaults:3)
  2 ice devils (Depths:5)
  74 yaktaurs
  9 demonic crawlers
  5 freezing wraiths
  A rime drake (Lair:3)
  A jumping spider (shapeshifter) (Depths:3)
  A queen bee (shapeshifter) (D:11)
  A meliai (shapeshifter) (Depths:4)
  A yaktaur skeleton (Vaults:5)
  A spriggan skeleton (Depths:1)
  A polar bear (shapeshifter) (Vaults:3)
  30 jumping spiders
  3 polar bears
  3 trolls
  15 tyrant leeches
  41 hornets
  3 meliai
  6 tengu conjurers
  A hornet (shapeshifter) (Vaults:2)
  Grinder (D:4)
  28 blink frogs
  13 bog bodies
  A harpy skeleton (D:15)
  A shadow dragon simulacrum (Vaults:5)
  26 slime creatures
  10 tarantella zombies (Spider:2)
  7 hippogriffs
  9 dream sheep
  A meliai zombie (D:11)
  77 redbacks
  6 shadows
  21 tarantellas
  8 water elementals
  4 air elementals
  7 wraiths
  A fire dragon skeleton (Depths:1)
  5 fire elementals
  3 wyverns
  27 yaks
  A basilisk (D:14)
  A golden eye (shapeshifter) (Vaults:5)
  A large abomination (Swamp:4)
  A neqoxec (D:14)
  3 hungry ghosts
  11 swamp worms
  3 human simulacra
  A yaktaur simulacrum (Vaults:3)
  16 vampire mosquitoes
  6 wargs
  14 insubstantial wisps
  An acid dragon (D:11)
  A water moccasin (Lair:2)
  7 swamp drakes
  6 porcupines
  A floating eye (shapeshifter) (Depths:4)
  50 orc warriors
  2 black bears
  An elf skeleton (Vaults:1)
  An ice beast (D:12)
  An eye of draining (D:14)
  A sky beast (D:5)
  2 human zombies (Vaults:3)
  2 phantoms
  3 wolves (Lair:5)
  7 boggarts
  A boggart (shapeshifter) (Depths:2)
  21 ogres
  A wolf (shapeshifter) (Vaults:5)
  17 centaurs
  Blork the orc (D:5)
  6 crocodiles
  A small abomination (Swamp:4)
  15 big kobolds
  25 bullfrogs
  A wyvern zombie (D:14)
  2 gnoll sergeants
  A glowing shapeshifter simulacrum (Depths:1)
  2 earth elementals
  6 scorpions
  5 killer bees (D:12)
  An elf simulacrum (Vaults:2)
  An orc simulacrum (Vaults:2)
  7 wights
  4 howler monkeys
  6 electric eels
  20 crimson imps
  8 centaur zombies
  A quasit (D:10)
  3 jellies
  5 hounds
  27 orc wizards
  Crazy Yiuf (D:2)
  4 bullfrog skeletons
  6 iguanas
  An iron imp (Depths:4)
  25 orc priests
  13 worker ants
  A hound zombie (D:8)
  A hound skeleton (D:8)
  A howler monkey zombie (D:9)
  Robin (D:4)
  15 gnolls
  11 adders
  2 shadow imps
  7 white imps (Depths:5)
  2 oozes
  2 adder zombies
  4 worms
  3 dart slugs
  7 leopard geckos
  99 orcs
  7 giant cockroaches
  11 goblins
  20 hobgoblins
  11 jackals
  5 quokkas
  2 ball pythons
  9 bats
  8 frilled lizards
  20 kobolds
  A quokka skeleton (D:4)
  10 rats
  2 crawling corpses (Vaults:4)
  2 fungi (Lair:3)
  4 plants
2064 creatures vanquished.

Vanquished Creatures (collateral kills)
  A frost giant (Depths:4)
  A death knight (Vaults:2)
  A slime creature (Vaults:2)
3 creatures vanquished.

Vanquished Creatures (others)
  A deep elf master archer (Elf:3)
  A vampire knight (Depths:5)
  A jiangshi (Depths:1)
  2 yaktaur captains
  A centaur warrior (Depths:1)
  A vampire mage (Depths:1)
  A deep elf knight (Vaults:2)
  A wizard (Vaults:1)
  A deep elf archer (Vaults:2)
  An ironbrand convoker (Vaults:5)
  A phantasmal warrior (Vaults:5)
  A sphinx zombie (Vaults:1)
  3 cyclopes (Vaults:1)
  6 yaktaurs
  A hornet (Swamp:3)
  A spriggan (Swamp:3)
  A neqoxec (D:14)
  An insubstantial wisp (Swamp:3)
  An orc warrior (Vaults:4)
  An ogre (Vaults:4)
  A boggart (Depths:1)
  An iron imp (D:14)
  22 fungi
  34 plants
86 creatures vanquished.

Grand Total: 2153 creatures vanquished

Notes
Turn   | Place    | Note
-------+----------+-------------------------------------------
     0 | D:1      | dxctxrx the Barachi Fighter began the quest for the Orb.
     0 | D:1      | Reached XP level 1. HP: 18/18 MP: 1/1
    68 | D:1      | Reached XP level 2. HP: 24/25 MP: 2/2
   610 | D:2      | Reached XP level 3. HP: 30/30 MP: 3/3
   752 | D:2      | Reached skill level 4 in Fighting
   911 | D:2      | Found a runed translucent door.
   912 | D:2      | Noticed Crazy Yiuf
  1012 | D:2      | HP: 2/30 [Crazy Yiuf/+3 quarterstaff of chaos (16)]
  1015 | D:2      | Killed Crazy Yiuf
  1015 | D:2      | Reached XP level 4. HP: 3/37 MP: 4/4
  1364 | D:2      | Found a faded altar of an unknown god.
  1497 | D:2      | You fall into a shaft and drop 2 floors!
  1498 | D:4      | Noticed a phantom
  1514 | D:4      | Noticed Grinder
  1518 | D:4      | Noticed Robin
  1518 | D:4      | Noticed an ogre
  1642 | D:4      | Killed a phantom
  1642 | D:4      | Reached XP level 5. HP: 33/43 MP: 5/5
  1688 | D:4      | Reached XP level 6. HP: 28/49 MP: 6/6
  1691 | D:4      | Killed Grinder
  1691 | D:4      | Reached skill level 5 in Fighting
  1691 | D:4      | Reached skill level 5 in Axes
  1691 | D:4      | Reached skill level 5 in Armour
  1696 | D:4      | Reached XP level 7. HP: 24/56 MP: 7/7
  1711 | D:4      | Killed Robin
  1722 | D:4      | HP: 1/56 [ogre/+0 giant club (28)]
  2193 | D:4      | Reached skill level 5 in Shields
  4061 | D:4      | Reached XP level 8. HP: 39/64 MP: 8/8
  4322 | D:5      | Entered Level 5 of the Dungeon
  4352 | D:5      | Reached skill level 1 in Dodging
  4499 | D:5      | Reached skill level 6 in Fighting
  4885 | D:5      | Noticed Blork the orc
  4891 | D:5      | Killed Blork the orc
  4938 | D:5      | Found a staircase to the Ecumenical Temple.
  4988 | Temple   | Entered the Ecumenical Temple
  5285 | Temple   | Became a worshipper of Warmaster Okawaru
  5918 | D:6      | Found Tufudaz's Gadget Emporium.
  5972 | D:6      | Reached XP level 9. HP: 56/71 MP: 9/9
  5992 | D:6      | Reached * piety under Okawaru
  6506 | D:6      | Reached skill level 7 in Fighting
  7957 | D:8      | Found Zyobbaf's Jewellery Shoppe.
  8082 | D:8      | Reached ** piety under Okawaru
  8477 | D:8      | Noticed a two-headed ogre
  8485 | D:8      | Killed a two-headed ogre
  8485 | D:8      | Reached skill level 8 in Fighting
  8485 | D:8      | Reached XP level 10. HP: 80/80 MP: 7/10
  8656 | D:9      | Found a staircase to the Orcish Mines.
  8824 | D:9      | Found a staircase to the Lair.
  8832 | D:9      | Reached skill level 5 in Dodging
  8853 | D:9      | Reached skill level 10 in Axes
  8861 | D:9      | Reached skill level 1 in Invocations
  9049 | D:9      | Noticed a three-headed hydra
  9337 | D:9      | Found a runed translucent gate.
  9337 | D:9      | Found a runed translucent gate.
  9337 | D:9      | Found a runed translucent gate.
  9337 | D:9      | Noticed a kobold demonologist
  9395 | D:9      | Reached *** piety under Okawaru
  9497 | D:9      | Killed a three-headed hydra
  9757 | D:9      | Reached **** piety under Okawaru
 10029 | D:9      | Noticed FluBird's ghost (novice DDFi)
 10030 | D:9      | Noticed a kobold demonologist
 10114 | D:9      | Reached XP level 11. HP: 87/87 MP: 12/12
 10165 | D:10     | Entered Level 10 of the Dungeon
 10178 | D:10     | Reached skill level 9 in Fighting
 10237 | D:10     | Noticed a centaur warrior
 10256 | D:10     | Killed a centaur warrior
 10570 | D:10     | Noticed a centaur warrior
 10582 | D:10     | Killed a centaur warrior
 11063 | D:10     | Noticed a deep troll earth mage
 11072 | D:10     | Killed a deep troll earth mage
 11072 | D:10     | Reached ***** piety under Okawaru
 11238 | Lair:1   | Entered Level 1 of the Lair of Beasts
 11276 | Lair:1   | Noticed a four-headed hydra
 11289 | Lair:1   | Killed a four-headed hydra
 11827 | Lair:1   | Noticed a six-headed hydra
 11838 | Lair:1   | Killed a six-headed hydra
 11870 | Lair:1   | Reached skill level 10 in Fighting
 11983 | Lair:1   | Noticed a four-headed hydra
 11999 | Lair:1   | Killed a four-headed hydra
 11999 | Lair:1   | Reached XP level 12. HP: 72/97 MP: 13/15
 13170 | Lair:2   | Noticed a five-headed hydra
 13193 | Lair:2   | Killed a five-headed hydra
 13452 | Lair:2   | Received a gift from Okawaru
 13560 | Lair:2   | Reached skill level 5 in Invocations
 13580 | Lair:2   | Noticed Nergalle
 13589 | Lair:2   | Killed Nergalle
 13656 | Lair:2   | Noticed an eight-headed hydra
 13662 | Lair:2   | Killed a five-headed hydra
 14410 | Lair:3   | Reached skill level 10 in Shields
 14573 | Lair:3   | Found a hole to the Spider Nest.
 15120 | Lair:3   | Found a staircase to the Swamp.
 15160 | Lair:3   | Received a gift from Okawaru
 15414 | Lair:3   | Noticed a six-headed hydra
 15426 | Lair:3   | Killed a one-headed hydra
 15426 | Lair:3   | Reached skill level 11 in Fighting
 16086 | Lair:3   | Got a crystal morningstar
 16089 | Lair:3   | Identified the +7 morningstar of Dishonour {pain, MR++
                  | Str-4 Int+3 SInv} (You found it on level 3 of the Lair of
                  | Beasts)
 16647 | Lair:4   | Gained mutation: You can hop long distances. [Barachi
                  | growth]
 16647 | Lair:4   | Reached XP level 13. HP: 49/106 MP: 17/17
 18809 | Lair:6   | Entered Level 6 of the Lair of Beasts
 18823 | Lair:6   | Received a gift from Okawaru
 19286 | Lair:6   | Reached skill level 12 in Fighting
 19300 | Lair:6   | Received a gift from Okawaru
 19400 | Lair:6   | Received a gift from Okawaru
 19417 | Lair:6   | Identified the +3 battleaxe "Omelette" {freeze, *Contam
                  | +Blink rF++} (Okawaru gifted it to you on level 6 of the
                  | Lair of Beasts)
 19542 | Lair:6   | Reached skill level 15 in Axes
 19670 | Lair:6   | Noticed Urug
 19693 | Lair:6   | Killed Urug
 19693 | Lair:6   | Reached XP level 14. HP: 50/115 MP: 12/19
 20106 | Lair:6   | Identified the amulet of Vuosiac {Regen+ Int+2 Dex+3} (You
                  | found it on level 6 of the Lair of Beasts)
 20112 | Lair:6   | Identified Koohipto's Almanac of Shifting Good Luck
 20414 | Lair:6   | Found a staircase to the Slime Pits.
 20950 | D:11     | Noticed Harold
 20956 | D:11     | Killed Harold
 21147 | D:11     | Found a runed translucent gate.
 21147 | D:11     | Found a runed translucent gate.
 21147 | D:11     | Found a runed translucent gate.
 21147 | D:11     | Noticed grouchysmurf's ghost (journeyman TrMo)
 21201 | D:11     | Reached skill level 10 in Armour
 21944 | D:12     | Noticed Fannar
 21962 | D:12     | Killed Fannar
 22016 | D:12     | Reached ****** piety under Okawaru
 22292 | D:12     | Received a gift from Okawaru
 22788 | D:13     | Reached skill level 13 in Fighting
 22918 | D:13     | Received a gift from Okawaru
 23035 | D:13     | Identified a +2 pair of boots of running (Okawaru gifted it
                  | to you on level 13 of the Dungeon)
 23146 | D:13     | Reached XP level 15. HP: 124/124 MP: 21/21
 23223 | D:13     | Got a pair of distressingly furry boots
 23234 | D:13     | Identified the +1 pair of boots of Putaf {-Tele Dex-5
                  | Slay+5 Stlth+} (You found it on level 13 of the Dungeon)
 23340 | D:13     | Found a gate to the Vaults.
 23431 | D:14     | Found a frozen archway.
 23519 | D:14     | Got a slimy robe
 24627 | D:15     | Entered Level 15 of the Dungeon
 25159 | D:15     | Found a staircase to the Depths.
 25601 | D:6      | Bought a lamp of fire for 520 gold pieces
 25661 | Orc:1    | Entered Level 1 of the Orcish Mines
 26210 | Orc:2    | Entered Level 2 of the Orcish Mines
 26408 | Orc:2    | Found a staircase to the Elven Halls.
 26748 | Orc:2    | Received a gift from Okawaru
 26749 | Orc:2    | Got a pair of distressingly furry gloves {god gift}
 26798 | Orc:2    | Reached skill level 14 in Fighting
 26974 | Orc:2    | Identified the +0 pair of gloves of the Immovable Queens
                  | {rC- MR+++ Regen+ Str+3} (Okawaru gifted it to you on level
                  | 2 of the Orcish Mines)
 27058 | Orc:2    | Noticed an orc warlord
 27081 | Orc:2    | Killed an orc warlord
 27211 | Orc:2    | Found Plog's Antique Armour Boutique.
 27212 | Orc:2    | Found Lufoataf's Antique Weapon Shop.
 27214 | Orc:2    | Found Ceall's General Store.
 27214 | Orc:2    | Found Laborchadd's Book Boutique.
 27485 | Orc:2    | Bought a shiny plate armour for 572 gold pieces
 27551 | Orc:2    | Bought a potion of might for 40 gold pieces
 27551 | Orc:2    | Bought a potion of haste for 100 gold pieces
 27551 | Orc:2    | Bought a potion of haste for 100 gold pieces
 27551 | Orc:2    | Bought a scroll of summoning for 95 gold pieces
 27551 | Orc:2    | Bought a potion of resistance for 100 gold pieces
 27551 | Orc:2    | Bought 2 potions of lignification for 60 gold pieces
 27747 | Swamp:1  | Entered Level 1 of the Swamp
 28098 | Swamp:1  | Reached XP level 16. HP: 133/134 MP: 23/23
 28278 | Swamp:1  | Found a runed translucent door.
 28314 | Swamp:1  | Received a gift from Okawaru
 28489 | Swamp:1  | Reached skill level 10 in Invocations
 28493 | Swamp:1  | Received a gift from Okawaru
 28750 | Swamp:1  | Got a bloodstained lajatang
 29364 | Swamp:2  | Noticed a thorn hunter
 29378 | Swamp:2  | Killed a thorn hunter
 30042 | Swamp:2  | Identified the +8 dagger of Kismet {pierce, rC+ Str+4
                  | Dex+4} (You found it on level 2 of the Swamp)
 30130 | Swamp:3  | Reached skill level 15 in Fighting
 30429 | Swamp:3  | Found a transporter.
 30798 | Swamp:3  | Found a transporter.
 30817 | Swamp:3  | Identified a scroll of acquirement
 30821 | Swamp:3  | Got a spiked helmet
 30832 | Swamp:3  | Identified the +1 helmet of Tosivis {rElec rF++ MR- Regen+
                  | SInv} (You acquired it on level 3 of the Swamp)
 31416 | Swamp:3  | Got a pair of shimmering boots
 31427 | Swamp:3  | Identified the +0 pair of boots of the Neverending Scars
                  | {Int+7} (You found it on level 3 of the Swamp)
 31519 | Swamp:4  | Entered Level 4 of the Swamp
 31649 | Swamp:4  | Noticed a thorn hunter
 31658 | Swamp:4  | Received a gift from Okawaru
 31668 | Swamp:4  | Killed a thorn hunter
 31767 | Swamp:4  | Noticed Mara
 31821 | Swamp:4  | Noticed dxctxrx's illusion
 31823 | Swamp:4  | Killed Mara
 31823 | Swamp:4  | Reached XP level 17. HP: 92/143 MP: 19/25
 32103 | Swamp:4  | Received a gift from Okawaru
 32197 | Swamp:4  | Reached skill level 16 in Fighting
 32332 | Swamp:4  | Reached skill level 15 in Shields
 32918 | Swamp:4  | Got a decaying rune of Zot
 33363 | Spider:1 | Entered Level 1 of the Spider Nest
 33368 | Spider:1 | Noticed Donald
 33444 | Lair:3   | Killed Donald
 33444 | Lair:3   | Reached skill level 1 in Evocations
 34132 | Spider:1 | Identified the +7 battleaxe of Xidwomaf {chop, rElec MR+
                  | Dex+3 Stlth+} (You found it on level 1 of the Spider Nest)
 34334 | Spider:2 | Received a gift from Okawaru
 34361 | Spider:2 | Got a crude robe {god gift}
 34731 | Spider:2 | Reached XP level 18. HP: 137/153 MP: 27/27
 34805 | Spider:2 | Reached skill level 10 in Dodging
 34907 | Spider:2 | You fall into a shaft and drop 1 floor!
 35203 | Spider:3 | Reached skill level 5 in Evocations
 35293 | Spider:3 | Reached skill level 17 in Fighting
 35348 | Spider:3 | Received a gift from Okawaru
 35754 | Spider:4 | Entered Level 4 of the Spider Nest
 36012 | Spider:4 | Identified the +8 long sword of Vanity {pain, Str+2} (You
                  | found it on level 4 of the Spider Nest)
 37015 | Spider:4 | Received a gift from Okawaru
 37122 | Spider:4 | Got a transparent hand axe {god gift}
 37123 | Spider:4 | Identified the +4 hand axe of the Fool {flame, Str+3 SInv}
                  | (Okawaru gifted it to you on level 4 of the Spider Nest)
 37198 | Spider:4 | Got a gossamer rune of Zot
 37497 | Vaults:1 | Entered Level 1 of the Vaults
 38033 | Vaults:1 | Identified the +9 hunting sling of Joleon {flame, +Fly
                  | Str+2} (You found it on level 1 of the Vaults)
 38138 | Vaults:1 | Received a gift from Okawaru
 38140 | Vaults:1 | Reached XP level 19. HP: 163/163 MP: 28/28
 38692 | Vaults:2 | Reached skill level 18 in Fighting
 38864 | Vaults:2 | Found Ymydghops's Weapon Emporium.
 38865 | Vaults:2 | Paralysed by an orc sorcerer for 7 turns
 39479 | Vaults:2 | Received a gift from Okawaru
 39480 | Vaults:2 | Found the +3 pair of gauntlets of War {Slay+5}
 39744 | Vaults:2 | Found a staircase to the Crypt.
 40419 | Vaults:3 | Reached skill level 10 in Evocations
 40487 | Vaults:3 | Reached XP level 20. HP: 172/172 MP: 27/29
 40643 | Vaults:3 | Reached skill level 15 in Armour
 40644 | Vaults:3 | Reached skill level 19 in Fighting
 40701 | Vaults:3 | Received a gift from Okawaru
 41391 | Vaults:4 | Received a gift from Okawaru
 41788 | Vaults:4 | Found Ovvulumm's Jewellery Boutique.
 41962 | Vaults:4 | Noticed a Brimstone Fiend
 42240 | Vaults:4 | Reached skill level 20 in Fighting
 42610 | Elf:1    | Entered Level 1 of the Elven Halls
 42905 | Elf:1    | Reached XP level 21. HP: 183/183 MP: 30/30
 43008 | Elf:1    | Reached skill level 15 in Dodging
 43080 | Elf:1    | Received a gift from Okawaru
 43607 | Elf:1    | Identified the +8 great sword of Dipn {flame, Stlth+} (You
                  | found it on level 1 of the Elven Halls)
 43627 | Elf:1    | Identified the cursed +3 spear "Fufiunwe" {pierce, *Corrode
                  | +Blink +Rage MR+} (You found it on level 1 of the Elven
                  | Halls)
 44119 | Elf:2    | Found a runed translucent gate.
 44119 | Elf:2    | Found a runed translucent gate.
 44133 | Elf:2    | Found a runed translucent gate.
 44357 | Elf:3    | Entered Level 3 of the Elven Halls
 44520 | Elf:3    | Received a gift from Okawaru
 44523 | Elf:3    | Identified the +3 hand axe of Change {chop, +Blink MR-
                  | Str+4 Dex+10} (Okawaru gifted it to you on level 3 of the
                  | Elven Halls)
 45746 | Elf:3    | Received a gift from Okawaru
 45779 | Elf:3    | Identified the +1 steam dragon scales "Jesux" {SInv}
                  | (Okawaru gifted it to you on level 3 of the Elven Halls)
 46230 | Elf:3    | Identified the Guide on Toxic Changing
 46268 | Elf:3    | Reached XP level 22. HP: 81/192 MP: 23/31
 46287 | Elf:3    | Reached skill level 21 in Fighting
 46381 | Elf:3    | Identified the Grimoire of Shape Shifting
 46386 | Elf:3    | Identified the Almanac of the Glacier
 46433 | Elf:3    | Identified the ring of the Philosopher {EV+5 Dex+4} (You
                  | acquired it on level 3 of the Elven Halls)
 46837 | Depths:1 | Entered Level 1 of the Depths
 46887 | Depths:1 | Found Ifauces's Armour Shop.
 46924 | Depths:1 | Reached skill level 1 in Maces & Flails
 47002 | Depths:1 | Found a gateway to Hell.
 47218 | Depths:1 | Got a transparent robe
 47286 | Depths:1 | Found a runed translucent door.
 48085 | Depths:1 | Found a roughly hewn altar of Beogh.
 48230 | Depths:2 | Found a one-way gate to the infinite horrors of the Abyss.
 48336 | Depths:2 | Upgraded the game from 0.25-a0-189-gf71692caf1 to
                  | 0.25-a0-194-gece12570e2
 48605 | Depths:2 | Received a gift from Okawaru
 48863 | Depths:2 | Reached skill level 5 in Maces & Flails
 48974 | Depths:2 | Identified the ring "Tanuehue" {rElec Str+3 Int-5 Dex+3
                  | SInv}
 49042 | Depths:2 | Got a glittering silver amulet
 49463 | Depths:3 | Noticed an ancient lich
 49843 | Depths:3 | Found a gateway to a ziggurat.
 49910 | Depths:3 | Found a radiant altar of Vehumet.
 49910 | Depths:3 | Noticed an ancient lich
 49911 | Depths:3 | Found the amulet of the Air {Inacc +Fly rElec EV+5 RMsl}
 49915 | Depths:3 | Found a transporter.
 49922 | Depths:3 | Found a one-way gate leading to the halls of Pandemonium.
 50128 | Depths:3 | Found Uxagh's General Store.
 50132 | Depths:3 | Bought a potion of cancellation for 112 gold pieces
 50132 | Depths:3 | Bought a scroll of identify for 28 gold pieces
 50132 | Depths:3 | Bought a scroll of summoning for 133 gold pieces
 50150 | Depths:4 | Noticed Xtahua
 50172 | Depths:4 | Killed Xtahua
 50333 | Depths:4 | Identified the amulet of Joqor {Gourm rN+ Str+3} (You found
                  | it on level 2 of the Depths)
 50464 | Depths:4 | Reached XP level 23. HP: 180/202 MP: 30/32
 50538 | Depths:4 | Found a large runed translucent door.
 50538 | Depths:4 | Found a large runed translucent door.
 50538 | Depths:4 | Noticed Hefreox's ghost (veteran MfSk)
 50683 | Depths:4 | Received a gift from Okawaru
 51536 | Depths:5 | Entered Level 5 of the Depths
 51545 | Depths:5 | Noticed a golden dragon
 51566 | Depths:4 | Killed a golden dragon
 52638 | Depths:5 | Received a gift from Okawaru
 52638 | Depths:5 | Reached skill level 22 in Fighting
 52783 | Depths:5 | Noticed a golden dragon
 52790 | Depths:5 | Found a gate to the Realm of Zot.
 52800 | Depths:5 | Noticed a golden dragon
 52805 | Depths:5 | Killed a golden dragon
 52847 | Depths:5 | Killed a golden dragon
 53444 | Depths:5 | Found Rodud's Magic Scroll Shoppe.
 53462 | Depths:5 | Bought a scroll of teleportation for 45 gold pieces
 53462 | Depths:5 | Bought a scroll of enchant armour for 112 gold pieces
 53462 | Depths:5 | Bought a scroll of teleportation for 45 gold pieces
 53462 | Depths:5 | Bought a scroll of fear for 52 gold pieces
 53462 | Depths:5 | Bought 2 scrolls of enchant armour for 225 gold pieces
 54516 | Depths:5 | Reached XP level 24. HP: 178/212 MP: 25/32
 54848 | Depths:5 | Received a gift from Okawaru
 54854 | Depths:5 | Got a distressingly furry hat {god gift}
 54866 | Depths:5 | Identified the +0 hat of the Devil's Team {+Fly Regen+
                  | Int-2 Slay+2} (Okawaru gifted it to you on level 5 of the
                  | Depths)
 54887 | Depths:5 | Found a portal to a secret trove of treasure.
 55078 | Depths:5 | Found the +7 Singing Sword {slice, sonic wave}
 55092 | Depths:5 | Got a twitching lead ring
 55093 | Depths:5 | Identified the ring "Largh" {rF+ Int+4} (You found it on
                  | level 5 of the Depths)
 55748 | Vaults:5 | Entered Level 5 of the Vaults
 56307 | Vaults:5 | Received a gift from Okawaru
 56354 | Vaults:5 | Identified the Handbook of Dislocated Moulding
 56434 | Vaults:5 | Reached skill level 23 in Fighting
 56639 | Vaults:5 | Reached XP level 25. HP: 183/221 MP: 32/32
 56720 | Vaults:5 | Identified the +1 spear of the Nexus {freeze, Str+2 Dex+3
                  | Stlth+}
 56721 | Vaults:5 | Identified the +12 scimitar of Ibyfok {drain, +Rage rF+
                  | Dex+2}
 56724 | Vaults:5 | Identified the +10 rapier "Soskap" {freeze, *Slow Str+6
                  | SInv}
 56773 | Vaults:5 | Identified the cursed +1 halberd of the Coward {holy, Str+4
                  | Int+4}
 56776 | Vaults:5 | Found the -2 hat of the Alchemist {rElec rPois rF+ rC+ rN+
                  | MR+ rMut rCorr}
 57056 | Vaults:5 | Identified the amulet "Gainluu" {Inacc +Fly MP+9} (You
                  | found it on level 5 of the Vaults)
 57174 | Vaults:5 | Received a gift from Okawaru
 57346 | Vaults:5 | Got a silver rune of Zot
 58011 | D:6      | Bought a wand of disintegration (14) for 234 gold pieces
 58011 | D:6      | Bought a wand of clouds (6) for 390 gold pieces
 58011 | D:6      | Bought a wand of digging (5) for 234 gold pieces
 58097 | D:9      | Killed FluBird's ghost
 58215 | D:11     | Killed grouchysmurf's ghost
 58907 | Zot:1    | Entered Level 1 of the Realm of Zot
 58998 | Zot:2    | Noticed an orb of fire
 59002 | Zot:2    | Gained mutation: Your body sometimes deteriorates upon
                  | taking damage. [an orb of fire]
 59017 | Zot:2    | Killed an orb of fire
 59093 | Zot:5    | Entered Level 5 of the Realm of Zot
 59114 | Zot:5    | Noticed a curse toe
 59130 | Zot:5    | Killed a curse toe
 59569 | Zot:5    | Noticed an ancient lich
 59570 | Zot:5    | Noticed an ancient lich
 59571 | Zot:5    | Noticed an orb of fire
 59573 | Zot:5    | Noticed an orb of fire
 59574 | Zot:5    | Noticed an orb of fire
 59574 | Zot:5    | Noticed an orb of fire
 59579 | Zot:5    | Noticed a Killer Klown
 59580 | Zot:5    | Noticed a Killer Klown
 59581 | Zot:5    | Noticed a Killer Klown
 59589 | Zot:5    | Killed an orb of fire
 59589 | Zot:5    | Received a gift from Okawaru
 59599 | Zot:5    | Killed an orb of fire
 59609 | Zot:5    | Killed an ancient lich
 59621 | Zot:5    | Killed an ancient lich
 59621 | Zot:5    | Reached XP level 26. HP: 155/231 MP: 30/32
 59621 | Zot:5    | Noticed an ancient lich
 59624 | Zot:5    | Noticed a Killer Klown
 59627 | Zot:5    | Gained mutation: You are dopey. (Int -2) [an orb of fire]
 59632 | Zot:5    | Killed an orb of fire
 59632 | Zot:5    | Reached skill level 24 in Fighting
 59638 | Zot:5    | Killed an orb of fire
 59641 | Zot:5    | Noticed an ancient lich
 59641 | Zot:5    | Noticed a Killer Klown
 59649 | Zot:5    | Killed an ancient lich
 59650 | Zot:5    | Noticed an ancient lich
 59655 | Zot:5    | Killed a Killer Klown
 59655 | Zot:5    | Received a gift from Okawaru
 59658 | Zot:5    | Killed a Killer Klown
 59658 | Zot:5    | Noticed an ancient lich
 59679 | Zot:5    | Killed an ancient lich
 59681 | Zot:5    | Noticed an ancient lich
 59686 | Zot:5    | Killed an ancient lich
 59691 | Zot:5    | Killed an ancient lich
 59702 | Zot:5    | Killed an ancient lich
 59718 | Zot:5    | Killed a Killer Klown
 59802 | Zot:5    | Killed a Killer Klown
 59805 | Zot:5    | Killed a Killer Klown
 59905 | Zot:5    | Noticed an electric golem
 59920 | Zot:5    | Killed an electric golem
 59992 | Zot:5    | Noticed an electric golem
 60034 | Zot:5    | Received a gift from Okawaru
 60077 | Zot:5    | Killed an electric golem
 60082 | Zot:5    | Got a crude hand axe {god gift}
 60083 | Zot:5    | Identified the +2 hand axe of Darkness {antimagic, rC+
                  | Dex+4} (Okawaru gifted it to you on level 5 of the Realm of
                  | Zot)
 60160 | Zot:5    | Got the Orb of Zot
 60250 | Zot:5    | Noticed a seraph
 60251 | Zot:5    | Identified the +1 large shield "Xibaeb" {Regen+ Slay+2}
 60464 | D:15     | Gained mutation: You tend to lose your temper in combat. [a
                  | cacodemon]
 60518 | D:14     | Noticed Jociok the pandemonium lord
 60538 | D:14     | Killed Jociok the pandemonium lord
 60632 | D:10     | Reached XP level 27. HP: 240/240 MP: 32/32
 60793 | D:1      | Lost mutation: Your body sometimes deteriorates upon taking
                  | damage. [potion of mutation]
 60793 | D:1      | Lost mutation: You are dopey. (Int -2) [potion of mutation]
 60793 | D:1      | Lost mutation: You tend to lose your temper in combat.
                  | [potion of mutation]
 60793 | D:1      | Gained mutation: You have a beak for a mouth. [potion of
                  | mutation]
 60793 | D:1      | Gained mutation: You have an increased reservoir of magic.
                  | (+10% MP) [potion of mutation]
 60807 | D:$      | Escaped with the Orb!

Levels and vault maps discovered:
D:1:      lightli_iron_boxes, layout_rooms, serial_rivers,
          chequers_serial_rivers_micro_b, chequers_serial_rivers_room_a,
          chequers_serial_rivers_micro_b, chequers_serial_rivers_room_a
D:2:      layout_loops_ring, chequers_ecumenical_altar_simple,
          uniq_crazy_yiuf_cottage
D:3:      layout_loops_ring, first_ration
D:4:      minmay_angry_zag, layout_cave_pools, grunt_ministairs_6, uniq_robin,
          uniq_grinder
D:5:      layout_basic, nicolae_overflow_hidden_temple, temple_fountains,
          uniq_blork_the_orc
D:6:      minmay_octagon_keep, layout_rooms, serial_shops, shop,
          serial_corexii_hall, corexii_hall_statues_i, corexii_hall_statues_l,
          corexii_hall_statues_x, corexii_hall_statues_u,
          corexii_item_surrounded_by_moat, st_stairs_8
D:7:      layout_layer_cave
D:8:      layout_gridville, serial_shops, shop
D:9:      layout_grid_maze, lair_entry_dummy, orc_0_dummy,
          gammafunk_ghost_nasty_kobolds, hangedman_ranch
          [blue_anna_fruit_fields]
D:10:     layout_loops_ring, minmay_three_doors
D:11:     layout_irregular_city, gammafunk_ghost_spectres, uniq_harold
D:12:     layout_loops_corners, serial_rivers, chequers_serial_rivers_marsh,
          chequers_serial_rivers_micro_b, chequers_serial_rivers_marsh,
          chequers_serial_rivers_micro_e, chequers_serial_rivers_small_a,
          uniq_fannar
D:13:     layout_rooms, hangedman_vaults_entry_quadrant_bands
D:14:     layout_layer_cave, portal_ice_cave_entry_pillars_1, hex_medium
D:15:     gammafunk_enter_depths_forms, layout_irregular_city, chequers_jeans
Temple:   roderic_octagonal_lattice_temple
Lair:1:   layout_cave_shapes, minivault_11, infiniplex_staircase_pool
Lair:2:   layout_roguey, lemuel_fruit_tree, grunt_megastairs_4,
          serial_bayou_shore_b, lemuel_fruit_fields, lemuel_fruit_fields,
          serial_bayou_shore_a, uniq_nergalle
Lair:3:   layout_layer_cave, nicolae_swamp_entry_splash_gauntlet,
          dummy_spider_entry, serial_bayou_ford_a
Lair:4:   layout_regular_city, lightli_volcano_entry_magma_tube,
          chequers_serial_rivers_micro_e, chequers_serial_rivers_micro_b,
          st_stairs_11
Lair:5:   layout_regular_city, minivault_27
Lair:6:   minmay_lair_end_frog_pond, layout_long_grid,
          minmay_slime_entry_oklob_open, st_stairs_5, grunt_megastairs_5,
          uniq_urug
Swamp:1:  gammafunk_mikee_crab_dinner, layout_basic_swamp,
          evilmike_swamp_ruin_house_1
Swamp:2:  layout_falls_marsh, evilmike_swamp_ruin_house_4
Swamp:3:  gammafunk_its_a_trap, layout_falls_marsh, evilmike_swamp_ruin_house_6,
          lightli_tree_ring
Swamp:4:  swamp_vile, layout_basic_swamp, uniq_mara
Spider:1: layout_spider_delve, uniq_donald
Spider:2: lemuel_spider_zombies, drop_trap
Spider:3: layout_spider_delve, spiders_nest_hornet_nest
Spider:4: spider_rune_water, drop_trap
Orc:1:    cheibrodos_orc_bank, layout_diamond_mine, nicolae_orc_pool_cavern
Orc:2:    st_orc_congregation, layout_diamond_mine
Elf:1:    eino_elf_arrival_sip, layout_loops_ring, hangedman_elf_represent,
          drop_trap, st_stairs_9
Elf:2:    layout_geoelf_octagon, minivault_28
Elf:3:    minmay_elf_hall_hex, layout_onion_city
Vaults:1: nicolae_vaults_shelves_hall, nicolae_vaults_hallways_thing,
          vaults_dpeg_encased_lava, ontoclasm_vaults_decontamination, v_misc_22,
          v_misc_12, vaults_room_grid, v_misc_10, vaults_room_corners,
          nicolae_vaults_angled_halls, hangedman_vaults_restitches, v_misc_17,
          nicolae_vaults_specimen_jars, layout_vaults_omnicross
Vaults:2: v_misc_13, minmay_crypt_entry_simple_sparse, v_misc_29,
          vaults_dpeg_doors, vaults_standard_mumra_x, hangedman_vaults_cutoff,
          vaults_room_grunt_arrival_checkpoint, v_misc_16,
          dpeg_vaults_monster_box, layout_vaults_quadrants, serial_shops, shop
Vaults:3: nicolae_vaults_little_squares_5, hangedman_vaults_stream,
          vaults_dpeg_cross, v_rooms_1, v_misc_3, nicolae_vaults_circle_grid_a,
          v_misc_18, vaults_mumra_lcd, vaults_room_door_ring, vaults_mumra_hex,
          v_misc_12, layout_vaults_omnibox
Vaults:4: v_misc_30, ontoclasm_vaults_twist, nicolae_vaults_alarming,
          nicolae_vaults_statue_guard, v_alt_pattern_6, v_pattern_4, v_misc_12,
          nicolae_vaults_network_periphery, grunt_vaults_diagonal, v_misc_19,
          layout_vaults_maze_bifur, serial_shops, nicolae_shop_crystal
Vaults:5
Depths:1: layout_gridlike, serial_shops, shop_fountains, hell_entry,
          kennysheep_minor_cross, st_stairs_4, lightli_church_of_beogh
Depths:2: minmay_the_grid_octo_2x2 [minmay_the_grid_octo_tetromino_candy,
          minmay_the_grid_octo_horde, minmay_the_grid_octo_checkerflower,
          minmay_the_grid_octo_prize_single_spiral], layout_basic,
          infiniplex_staircase_star, serial_glass, glass_columns_c,
          glass_columns_a, abyss_entry_crystal, hell_entry
Depths:3: gammafunk_sealed_library, layout_cave_pools, enter_ziggurat_d,
          hell_entry, pan_entry, serial_shops, kennysheep_mini, serial_sigils,
          serial_sigils_hangedman_gnaw, serial_sigils_hangedman_leer,
          serial_sigils_hangedman_gut, serial_sigils_hangedman_quiver
Depths:4: minmay_box_of_statues, layout_cave_pools, abyss_entry,
          grunt_hell_entry_dis_mu, ebering_ghost_disaster_area,
          infiniplex_staircase_split_hallway, uniq_xtahua
Depths:5: grunt_crosshair, layout_cave_pools, pf_dread_powers_of_hell,
          nicolae_trove_entry_crossroad, serial_shops, shop,
          minmay_misc_feat_plants, rand_demon_pan_entry_4,
          minmay_fire_ice_demons, serial_bayou_shore_b, serial_bayou_shore_b,
          serial_bayou_shore_b
Zot:1:    layout_misc_corridors
Zot:2:    circus_mu, layout_basic, st_stairs_6
Zot:3:    layout_onion_interference
Zot:4:    layout_basic, gammafunk_ghost_grave
Zot:5:    layout_misc_corridors

Skill      XL: |  1  2  3  4  5  6  7  8  9 10 11 12 13 14 15 16 17 18 19 20 21 22 23 24 25 26 |
---------------+-------------------------------------------------------------------------------+-----
Fighting       | 4 5 6 8 10 11 12 13 14 15 16 17 18 20 21 22 23 24 | 24.7
Axes           | 3 4 5 6 7 9 10 12 13 15 16 17 18 | 18.4
Armour         | 4 5 6 8 9 10 11 13 14 15 16 17 18 19 20 21 | 21.9
Shields        | 4 5 6 7 8 9 10 11 12 13 14 15 16 17 18 19 20 21 | 21.0
Dodging        | 3 4 6 7 8 9 11 13 14 16 17 18 20 22 | 22.2
Invocations    | 2 4 5 7 8 9 11 12 | 12.0
Evocations     | 4 7 10 | 10.0
Maces & Flails | 6 8 |  8.9

Action                   |  1- 3 |  4- 6 |  7- 9 | 10-12 | 13-15 | 16-18 | 19-21 | 22-24 | 25-27 || total
-------------------------+-------+-------+-------+-------+-------+-------+-------+-------+-------++-------
Melee: War axe           |    84 |    65 |   471 |   262 |       |       |       |       |       ||   882
       Flail             |       |       |       |    45 |       |       |       |       |       ||    45
       Broad axe         |       |       |       |   120 |   958 |  1166 |   952 |   515 |   680 ||  4391
       Morningstar       |       |       |       |       |    28 |    38 |   272 |  1361 |       ||  1699
       Unarmed           |       |       |       |       |       |       |       |       |     4 ||     4
Throw: Stone             |       |     7 |    12 |       |       |       |       |       |       ||    19
       Dart              |       |       |    16 |       |       |    38 |     3 |       |       ||    57
       Throwing net      |       |       |     1 |       |       |       |       |       |       ||     1
       Boomerang         |       |       |    16 |    52 |    51 |   131 |    46 |    43 |    14 ||   353
Invok: Heroism           |       |       |     5 |    21 |    27 |    29 |    19 |    32 |    10 ||   143
       Finesse           |       |       |       |     2 |     6 |     6 |     7 |     9 |     3 ||    33
 Abil: Hop               |       |       |     1 |       |       |     1 |     4 |     2 |       ||     8
Evoke: Wand              |       |       |       |     9 |     4 |     2 |     1 |     3 |     1 ||    20
       Lamp of fire      |       |       |       |       |       |     1 |       |       |     1 ||     2
  Use: Potion            |     1 |     5 |     1 |     4 |     4 |    10 |     2 |     5 |    12 ||    44
       Scroll            |       |     3 |    10 |    11 |    16 |    17 |    14 |    23 |    12 ||   106
 Stab: Invisible         |       |     8 |     2 |       |    10 |       |       |       |       ||    20
       Confused          |       |       |       |       |       |     1 |       |       |       ||     1
       Distracted        |       |       |       |       |       |       |     1 |     4 |       ||     5
  Eat: Chunk             |     1 |     2 |    26 |    34 |    22 |    13 |    20 |    14 |     3 ||   135
       Ration            |       |       |     3 |       |     3 |     6 |     2 |     6 |     4 ||    24
Armor: Scale mail        |    30 |    21 |    53 |   128 |    26 |       |       |       |       ||   258
       Skin              |       |    57 |       |       |       |       |       |       |       ||    57
       Chain mail        |       |       |   161 |       |       |       |       |       |       ||   161
       Plate armour      |       |       |       |       |   227 |   296 |   317 |   297 |       ||  1137
       Swamp dragon scal |       |       |       |       |       |   201 |       |       |       ||   201
       Gold dragon scale |       |       |       |       |       |       |       |   258 |   136 ||   394
Dodge: Dodged            |    21 |    31 |   127 |   181 |   312 |   735 |   425 |  1062 |   249 ||  3143
Block: Shield            |    38 |    54 |   276 |   257 |   531 |   842 |   614 |   984 |       ||  3596
       Reflection        |       |       |       |       |       |    20 |    68 |    57 |       ||   145
       Large shield      |       |       |       |       |       |       |       |   473 |   589 ||  1062

Table legend:
 A = Non-vault XP
 B = Vault XP
 C = Vault XP percentage of total XP
 D = Non-vault monster count
 E = Vault monster count
 F = Vault count percentage of total count
                 A         B        C        D         E       F
            +---------+---------+-------+---------+---------+-------
      Total |  587794 |  654864 |  52.7 |    1306 |     761 |  36.8
            +---------+---------+-------+---------+---------+-------
        D:1 |      31 |       0 |   0.0 |      16 |       0 |   0.0
        D:2 |      66 |      41 |  38.3 |      26 |       1 |   3.7
        D:3 |     105 |       0 |   0.0 |      26 |       0 |   0.0
        D:4 |     477 |     483 |  50.3 |      20 |      21 |  51.2
        D:5 |     799 |     100 |  11.1 |      21 |       1 |   4.5
        D:6 |     492 |     240 |  32.8 |      10 |       8 |  44.4
        D:7 |     734 |       0 |   0.0 |      19 |       0 |   0.0
        D:8 |    1799 |       0 |   0.0 |      21 |       0 |   0.0
        D:9 |    1727 |    4474 |  72.1 |      20 |      20 |  50.0
       D:10 |    3637 |    1058 |  22.5 |      27 |       3 |  10.0
       D:11 |    5304 |    3523 |  39.9 |      38 |       8 |  17.4
       D:12 |    3071 |     993 |  24.4 |      31 |       1 |   3.1
       D:13 |    5773 |    6370 |  52.5 |      16 |      14 |  46.7
       D:14 |    7069 |       0 |   0.0 |      22 |       0 |   0.0
       D:15 |    6924 |    5084 |  42.3 |      26 |       8 |  23.5
     Lair:1 |    6094 |       0 |   0.0 |      12 |       0 |   0.0
     Lair:2 |    4497 |    1318 |  22.7 |      13 |       4 |  23.5
     Lair:3 |    6000 |    3325 |  35.7 |      22 |       7 |  24.1
     Lair:4 |    4930 |     209 |   4.1 |      12 |       1 |   7.7
     Lair:5 |    4989 |       0 |   0.0 |      22 |       0 |   0.0
     Lair:6 |    7570 |   15947 |  67.8 |      13 |      60 |  82.2
    Swamp:1 |   13475 |    8182 |  37.8 |      43 |      12 |  21.8
    Swamp:2 |   11218 |       0 |   0.0 |      21 |       0 |   0.0
    Swamp:3 |   12666 |       0 |   0.0 |      34 |       0 |   0.0
    Swamp:4 |   15578 |   27120 |  63.5 |      36 |      32 |  47.1
   Spider:1 |   12630 |       0 |   0.0 |      42 |       0 |   0.0
   Spider:2 |   19377 |   10711 |  35.6 |      55 |      27 |  32.9
   Spider:3 |   12833 |    1685 |  11.6 |      40 |       6 |  13.0
   Spider:4 |    6695 |   24262 |  78.4 |      11 |      44 |  80.0
      Orc:1 |     786 |     964 |  55.1 |      16 |      20 |  55.6
      Orc:2 |     730 |   11670 |  94.1 |      17 |      66 |  79.5
      Elf:1 |   22683 |    8978 |  28.4 |      34 |      13 |  27.7
      Elf:2 |    8350 |    8945 |  51.7 |      14 |      14 |  50.0
      Elf:3 |    5438 |   62491 |  92.0 |      13 |      42 |  76.4
   Vaults:1 |   22229 |    7069 |  24.1 |      54 |      15 |  21.7
   Vaults:2 |   39990 |   10731 |  21.2 |      65 |      18 |  21.7
   Vaults:3 |   38942 |   23253 |  37.4 |      79 |      31 |  28.2
   Vaults:4 |   19977 |   20219 |  50.3 |      37 |      25 |  40.3
   Vaults:5 |   31587 |  114752 |  78.4 |      51 |      83 |  61.9
   Depths:1 |   29200 |    9253 |  24.1 |      44 |      28 |  38.9
   Depths:2 |   30721 |   15865 |  34.1 |      33 |      15 |  31.2
   Depths:3 |   19225 |       0 |   0.0 |      23 |       0 |   0.0
   Depths:4 |   33774 |   25097 |  42.6 |      33 |      23 |  41.1
   Depths:5 |   43701 |   45306 |  50.9 |      43 |      46 |  51.7
      Zot:1 |   16526 |       0 |   0.0 |      10 |       0 |   0.0
      Zot:2 |   13181 |       0 |   0.0 |       4 |       0 |   0.0
      Zot:3 |    3637 |       0 |   0.0 |       2 |       0 |   0.0
      Zot:5 |   30557 |  175146 |  85.1 |      19 |      44 |  69.8
            +---------+---------+-------+---------+---------+-------
